 Dungeon Sprint DCSS version 0.31-a0-1071-gaead2f62b1 (webtiles) character file.

Game seed: 14171871560376603022

206 rocky1 the Gusty (level 5, -1/50 HPs)
             Began as an Ogre Air Elementalist on Nov 26, 2023.
             Slain by a scorpion (5 damage)
             ... in the Dungeon (Sprint IX: "|||||||||||||||||||||||||||||").
             The game lasted 00:00:56 (300 turns).

rocky1 the Gusty (Ogre Air Elementalist)             Turns: 300, Time: 00:00:57

Health: -1/50      AC:  3    Str: 12    XL:     5   Next: 84%
Magic:  4/14       EV: 10    Int: 18    God:
Gold:   0          SH:  0    Dex:  9    Spells: 16/17 levels left

rFire   . . .        (no weapon)
rCold   . . .        (no shield)
rNeg    . . .        a - +0 robe
rPois   .            (helmet restricted)
rElec   .            (no cloak)
rCorr   .            (gloves unavailable)
SInv    .            (boots unavailable)
Will    .....        (no amulet)
Stlth   ++           (no ring)
HPRegen 0.28/turn    (no ring)
MPRegen 0.14/turn

%: no teleportation
@: on berserk cooldown, slowed, very slow
A: large, unfitting armour, tough skin 1
a: no special abilities


You were in the Dungeon.
You visited 1 branch

Inventory:

Armour
 a - a +0 robe (worn)
Scrolls
 g - a scroll of blinking
Potions
 b - 2 potions of magic
 e - a potion of haste


   Skills:
 + Level 2.6 Fighting
 + Level 4.5 Dodging
 - Level 1.6 Stealth
 + Level 6.5 Spellcasting
 + Level 2.6 Conjurations
 + Level 7.9 Air Magic


You had 16 spell levels left.
You knew the following spells:

 Your Spells              Type           Power      Damage    Failure   Level
a - Shock                 Conj/Air       96%        1d9       1%          1

Your spell library contained the following spells:

 Spells                   Type           Power      Damage    Failure   Level
 Static Discharge         Conj/Air       48%        3-5/arc   1%          2
 Swiftness                Air            34%        N/A       1%          3
 Airstrike                Air            17%        2d(3-19)  4%          4


Dungeon Overview and Level Annotations

Branches:
Dungeon (1/1)

Altars:


Innate Abilities, Weirdness & Mutations

You are too large for most types of armour.
You have tough skin. (AC +1)


Message History

* * * LOW HITPOINT WARNING * * *
Aiming: Shock (safe; 1% risk of failure)
Press: ? - help, Q - select action Shift-Dir - straight line The zap hits the scorpion but does no damage.
The scorpion is severely wounded.
The scorpion barely misses you. The scorpion stings you.
* * * LOW HITPOINT WARNING * * *
Aiming: Shock (safe; 1% risk of failure)
Press: ? - help, Q - select action Shift-Dir - straight line The zap misses the scorpion.
The scorpion stings you.
* * * LOW HITPOINT WARNING * * *
The scorpion stings you.
* * * LOW HITPOINT WARNING * * *
You are poisoned.
The scorpion poisons you!
Aiming: Shock (safe; 1% risk of failure)
Press: ? - help, Q - select action Shift-Dir - straight line The zap hits the scorpion.
The scorpion is severely wounded.
* * * LOW HITPOINT WARNING * * *
You feel very sick. The scorpion completely misses you.
You feel better. The scorpion closely misses you. The scorpion stings you.
* * * LOW HITPOINT WARNING * * *
Your magical contamination has completely faded away.
Aiming: Shock (safe; 1% risk of failure)
Press: ? - help, Q - select action Shift-Dir - straight line The zap misses the scorpion.
The scorpion stings you.
* * * LOW HITPOINT WARNING * * *
The scorpion stings you but does no damage.
Aiming: Shock (safe; 1% risk of failure)
Press: ? - help, Q - select action Shift-Dir - straight line The zap hits the scorpion.
The scorpion is severely wounded.
The scorpion stings you.
* * * LOW HITPOINT WARNING * * *
The scorpion stings you.
You die... ▓▓▓▓▓▓▓▓▓▓▓▓▓▓▓▓▓▓ +....†s@÷..÷'...<▓ ▓▓▓▓▓▓▓▓▓▓▓▓▓▓▓▓▓▓

You could see a scorpion.

Vanquished Creatures
  A water moccasin (D)
  A scorpion (D)
  A hound (D)
  An adder (D)
  A giant cockroach (D)
  A hobgoblin (D)
  A kobold (D)
  2 bats (D)
9 creatures vanquished.

Notes
Turn   | Place    | Note
-------+----------+-------------------------------------------
     0 | D        | rocky1 the Ogre Air Elementalist began the quest for the
                  | Orb.
     0 | D        | Reached XP level 1. HP: 16/16 MP: 3/3
     7 | D        | Reached skill level 3 in Air Magic
     9 | D        | Reached skill level 1 in Conjurations
   267 | D        | Noticed a water moccasin
   267 | D        | Noticed a scorpion
   267 | D        | Noticed a hound
   267 | D        | Noticed a scorpion
   277 | D        | Killed a scorpion
   278 | D        | Reached skill level 1 in Fighting
   278 | D        | Reached skill level 5 in Air Magic
   278 | D        | Reached XP level 2. HP: 23/27 MP: 4/7
   278 | D        | Reached XP level 3. HP: 28/33 MP: 5/9
   278 | D        | Reached XP level 4. HP: 35/41 MP: 5/10
   286 | D        | Reached skill level 5 in Spellcasting
   286 | D        | Reached skill level 6 in Air Magic
   291 | D        | Killed a water moccasin
   292 | D        | Reached skill level 7 in Air Magic
   292 | D        | Reached XP level 5. HP: 19/50 MP: 11/14
   300 | D        | Slain by a scorpion

Illustrated notes

Levels and vault maps discovered:
D:        linesprint [early_d, line_temple, items_1, d_10, items_2, lair_1,
          lair_end, items_3, orc_1, orc_end, items_4, d_15, swamp_1, shoals_1,
          snake_1, spider_1, d_20, vaults_1, items_5, swamp_end, shoals_end,
          snake_end, spider_end, vaults_end, d_27, items_6, zot_1, zot_end,
          crypt_end, forest_end, elf_end, slime_end, tomb_end, abyss_end,
          pan_hell_end]

Skill      XL: |  1  2  3  4 |
---------------+-------------+-----
Air Magic      | 5 7 |  7.9
Conjurations   | 1 2 |  2.6
Dodging        | 3 4 |  4.5
Fighting       | 1 2 |  2.6
Spellcasting   | 4 6 |  6.5
Stealth        | |  1.6

Action                     |  1- 3 |  4- 6 || total
---------------------------+-------+-------++-------
  Melee: Unarmed           |    23 |     4 ||    27
   Cast: Shock             |     4 |    15 ||    19
    Use: Potion            |     1 |     3 ||     4
 Armour: Robe              |    19 |    22 ||    41
  Dodge: Dodged            |    10 |    15 ||    25

Table legend: (Time is in decaauts)
 A = Elapsed time spent in this place.
 B = Non-inter-level travel time spent in this place.
 C = Inter-level travel time spent in this place.
 D = Time resting spent in this place.
 E = Time spent auto-exploring this place.
 F = Levels seen in this place.
 G = Mean time per level.
                   A        B        C        D        E       F      G
               +--------+--------+--------+--------+--------+-----+--------+
         Total |    305 |    305 |      0 |    239 |      0 |   1 |  305.0 |
       Dungeon |    305 |    305 |      0 |    239 |      0 |   1 |  305.0 |
               +--------+--------+--------+--------+--------+-----+--------+

Top non-repeatable levels by time:
       D: 305 daAuts
